 Dungeon Crawl Stone Soup version 0.15.1-1-gfacfea3 (webtiles) character file.

258 Johnny the Chiller (level 5, -10/42 HPs)
             Began as a Demigod Ice Elementalist on Sept 26, 2014.
             Mangled by a small abomination (16 damage)
             ... on Level 1 of the Abyss.
             The game lasted 00:11:59 (3905 turns).

Johnny the Chiller (Demigod Ice Elementalist)       Turns: 3905, Time: 00:11:59

HP -10/42        AC  5     Str 11      XL: 5   Next: 62%
MP  11/13        EV 12     Int 20      God:
Gold 175         SH  0     Dex 18      Spells:  2 memorised,  4 levels left

rFire  . . .     SeeInvis .     k - +0 war axe
rCold  . . .     Clarity  .     g - +0 leather armour
rNeg   . . .     rCorr    .     (no shield)
rPois  .         rRot     .     (no helmet)
rElec  .         Spirit   .     m - +0 cloak
SustAb .         Warding  .     (no gloves)
rMut   .         Stasis   .     f - +0 pair of boots
Gourm  .                        (no amulet)
MR     .....                    (no ring)
                                (no ring)

@: very slightly contaminated, not resistant to hostile enchantments, unstealthy
A: no striking features
a: no special abilities


You were on level 1 of the Abyss.
You were not hungry.

You visited 1 branch of the dungeon, and saw 4 of its levels.
You visited the Abyss 1 time.

You collected 175 gold pieces.

Inventory:

Hand weapons
 e - a +0 dagger
 k - a +0 war axe (weapon)
Armour
 f - a +0 pair of boots (worn)
 g - a +0 leather armour (worn)
 m - a +0 cloak (worn)
Comestibles
 c - 2 bread rations
Scrolls
 a - a scroll of amnesia
 j - a scroll of magic mapping
 l - a scroll of random uselessness {unknown}
 n - a scroll of blinking {unknown}
 o - a scroll of identify
 p - a scroll of enchant weapon {unknown}
Potions
 h - a potion of mutation {unknown}
 i - a potion of poison {unknown}
Books
 b - a book of Frost

   Spells                             Type                      Level
   *Freeze                            Ice                          1
   Throw Frost                        Conjuration/Ice              2
   Ozocubu's Armour                   Charms/Ice                   3
   Throw Icicle                       Conjuration/Ice              4
   *Summon Ice Beast                  Ice/Summoning                4
   Condensation Shield                Ice                          4


   Skills:
 * Level 2.6 Fighting
 + Level 1.0 Armour
 + Level 2.5 Dodging
 + Level 2.3 Stealth
 * Level 2.9 Spellcasting
   Level 0.8 Conjurations
 * Level 0.6 Summonings
 * Level 3.5 Ice Magic


You had 4 spell levels left.
You knew the following spells:

 Your Spells              Type           Power        Failure   Level  Hunger
a - Freeze                Ice            ###.         3%          1    None
c - Summon Ice Beast      Ice/Summ       ##......     71%         4    ####...


Dungeon Overview and Level Annotations

Branches:
Dungeon (4/15)
 Temple: D:4-7

Annotations:
D:3 Grinder
D:4 Eustachio


Message History

A starcursed mass splits.
The small abomination hits you. The quasit closely misses you.
The quasit claws you but does no damage.
The quasit closely misses you.
A deafening chorus of shrieks assaults your mind!
You open the door.
The small abomination hits you but does no damage.
The quasit barely misses you. The quasit closely misses you.
The quasit claws you but does no damage.
A deafening chorus of shrieks assaults your mind!
* * * LOW HITPOINT WARNING * * *
You suddenly lose the ability to move!
The small abomination hits you but does no damage.
You can move again.
There is an open door here.
A starcursed mass splits.
Found a scroll of identify.
The small abomination hits you!
You die...

.......#X.f##...#.
.. # .
.#....X..'......#
.. .
#..X....#.....
#...X...#....
+.......# ..
#.......#
#..##5###
##..##+##x..##'##
........@.........
.....?...........
................
...#.........#..
...............
####.######## ..
.#.


You could see 2 starcursed masses, a small abomination and a quasit.

Vanquished Creatures
  Sigmund (D:2)
  5 adders
  A worm (D:2)
  3 orcs (D:3)
  2 ball pythons
  4 bats
  2 giant cockroaches
  9 goblins
  9 hobgoblins
  6 jackals
  4 giant geckos
  A giant gecko skeleton (D:4)
  6 giant newts
  10 kobolds
  3 quokkas
  11 rats
77 creatures vanquished.

Vanquished Creatures (collateral kills)
  A scorpion (D:4)
  An adder (D:3)
  A bat (D:3)
3 creatures vanquished.

Vanquished Creatures (others)
  An ice beast (D:3)
1 creature vanquished.

Grand Total: 81 creatures vanquished

Notes
Turn   | Place    | Note
--------------------------------------------------------------
     0 | D:1      | Johnny, the Demigod Ice Elementalist, began the quest for the Orb.
     0 | D:1      | Reached XP level 1. HP: 14/14 MP: 3/3
   467 | D:1      | Reached XP level 2. HP: 13/22 MP: 4/4
   804 | D:1      | Reached skill level 1 in Fighting
   965 | D:1      | Reached skill level 3 in Ice Magic
  1111 | D:1      | Reached XP level 3. HP: 17/28 MP: 3/8
  1544 | D:2      | Found a snail-covered altar of Cheibriados.
  1718 | D:2      | Noticed Sigmund
  1818 | D:2      | Killed Sigmund
  1818 | D:2      | Reached XP level 4. HP: 17/36 MP: 1/11
  2413 | D:2      | Found a shimmering altar of Xom.
  2496 | D:3      | Noticed Grinder
  2699 | D:2      | Learned a level 4 spell: Summon Ice Beast
  2776 | D:3      | Reached XP level 5. HP: 41/41 MP: 6/12
  2882 | D:3      | Found a sparkling altar of Nemelex Xobeh.
  3023 | D:3      | Found a shadowy altar of Dithmenos.
  3132 | D:3      | Paralysed by Grinder for 3 turns
  3437 | D:4      | Reached skill level 1 in Armour
  3750 | D:4      | Noticed Eustachio
  3751 | D:4      | Cast into the Abyss (miscasting Summon Ice Beast)
  3805 | Abyss:1  | Noticed a small abomination
  3821 | Abyss:1  | Noticed a raiju
  3826 | Abyss:1  | Noticed a shadow dragon
  3834 | Abyss:1  | Found a corrupted altar of Lugonu.
  3856 | Abyss:1  | Noticed an ice devil
  3884 | Abyss:1  | Noticed a large abomination
  3888 | Abyss:1  | Noticed a wandering mushroom
  3890 | Abyss:1  | Noticed a starcursed mass
  3890 | Abyss:1  | Noticed a small abomination
  3896 | Abyss:1  | Noticed a neqoxec
  3902 | Abyss:1  | Paralysed by accursed screaming for 1 turns
  3905 | Abyss:1  | Mangled by a small abomination

Action                   |  1- 3 |  4- 6 || total
-------------------------+-------+-------++-------
Melee: Unarmed           |    19 |       ||    19
       Dagger            |    77 |   184 ||   261
       War axe           |       |     8 ||     8
 Cast: Freeze            |    34 |    24 ||    58
       Summon Ice Beast  |       |     3 ||     3
  Use: Potion            |     4 |       ||     4
       Scroll            |       |     5 ||     5
 Stab: Sleeping          |       |     3 ||     3
  Eat: Chunk             |     3 |     4 ||     7
       Bread ration      |       |     1 ||     1
